 Dungeon Crawl Stone Soup version 0.19.5 (webtiles) character file.

7275 Azzok the Archer (level 10, 0/94 HPs)
             Began as a Centaur Fighter on June 1, 2017.
             Was a High Priest of Okawaru.
             Shot with an arrow by a centaur (9 damage)
             ... on level 11 of the Dungeon.
             The game lasted 00:21:20 (10951 turns).

Azzok the Archer (Centaur Fighter)                 Turns: 10951, Time: 00:21:20

Health: 0/94       AC: 15    Str: 22    XL:     10   Next: 89%
Magic:  17/17      EV:  7    Int:  7    God:    Okawaru [*****.]
Gold:   621        SH: 10    Dex:  9    Spells: 0 memorised, 9 levels left

rFire  . . .     SeeInvis .     N - +0 falchion (elec) (curse)
rCold  . . .     Gourm    .     H - +3 chain mail
rNeg   . . .     Faith    .     c - +0 shield
rPois  .         Spirit   .     u - +0 helmet (curse)
rElec  .         Reflect  .     (no cloak)
rCorr  .         Harm     .     C - +0 pair of gloves
MR     .....                    (no barding)
Stlth  ..........               y - amulet of regeneration
                                (no ring)
                                v - ring of loudness (curse)

@: heroism, drained, very quick
A: hooves 3, deformed body, speed 2, tough skin 3
a: Heroism, Finesse, Renounce Religion


You were on level 11 of the Dungeon.
You worshipped Okawaru.
Okawaru was extremely pleased with you.
You were hungry.

You visited 1 branch of the dungeon, and saw 11 of its levels.
You also visited: Sewer.

You collected 621 gold pieces.

Inventory:

Hand Weapons
 t - a +0 shortbow
 N - a cursed +0 falchion of electrocution (weapon)
Missiles
 m - 231 arrows
Armour
 c - a +0 shield (worn)
 u - a cursed +0 helmet (worn)
 C - a +0 pair of gloves (worn)
 H - a +3 chain mail (worn)
Jewellery
 v - a cursed ring of loudness (left hand)
 y - an amulet of regeneration (around neck)
 I - an uncursed ring of resist corrosion
 Y - an uncursed ring of flight
Wands
 O - a wand of polymorph (13/24)
 P - a wand of iceblast (3/15)
 Q - a wand of digging (7/24)
 T - a wand of digging (9/24)
 W - a wand of iceblast (10/15)
Scrolls
 h - 5 scrolls of remove curse
 i - a scroll of amnesia
 j - 2 scrolls of fog {unknown}
 o - 2 scrolls of noise {unknown}
 x - 3 scrolls of identify
 B - 2 scrolls of teleportation {unknown}
 D - 3 scrolls of enchant armour {unknown}
 F - 3 scrolls of blinking {unknown}
 J - 7 scrolls of enchant weapon {unknown}
 R - a scroll of magic mapping {unknown}
 S - a scroll of brand weapon {unknown}
Potions
 b - 2 potions of berserk rage {unknown}
 d - 2 potions of might
 l - 5 potions of degeneration {unknown}
 n - 2 potions of ambrosia {unknown}
 p - 3 potions of magic {unknown}
 q - 3 potions of flight {unknown}
 r - a potion of brilliance {unknown}
 s - 2 potions of lignification {unknown}
 w - 9 potions of curing {unknown}
 z - a potion of cure mutation {unknown}
 A - a potion of mutation {unknown}
 E - 5 potions of haste {unknown}
 M - 2 potions of heal wounds {unknown}
 V - a potion of agility {unknown}
Books
 G - a book of Necromancy

   Spells                             Type                      Level
   a - Pain                           Necromancy                   1
   b - Animate Skeleton               Necromancy                   1
   c - Vampiric Draining              Necromancy                   3
   d - Regeneration                   Charms/Necromancy            3
   e - Animate Dead                   Necromancy                   4
   f - Control Undead                 Necromancy                   4
 K - a book of Changes

   Spells                             Type                      Level
   a - Beastly Appendage              Transmutation                1
   b - Sticks to Snakes               Transmutation                2
   c - Spider Form                    Transmutation/Poison         3
   d - Ice Form                       Ice/Transmutation            4
   e - Blade Hands                    Transmutation                5
Comestibles
 a - 3 chunks of flesh {@w0}
 f - 8 bread rations {@e1}
 g - 8 fruits
 k - 6 meat rations {@e2}
 L - a royal jelly
 U - a slice of pizza


   Skills:
 - Level 10.6(15.2) Fighting
 - Level 1.7(6.3) Long Blades
 * Level 12.1(16.6) Bows
 - Level 2.1(6.7) Armour
 - Level 2.1(6.7) Shields
 - Level 10.0(9.6) Invocations


You had 9 spell levels left.
You didn't know any spells.

Dungeon Overview and Level Annotations

Branches:
Dungeon (11/15)            Temple (0/1) D:6            Lair (0/6) D:11
    Orc (0/2) D:10

Altars:
Dithmenos
Fedhas
Makhleb
Okawaru
Ru
Sif Muna
Trog

Shops:
D:6 :   D:8 [

Annotations:
D:11 Sonja


Innate Abilities, Weirdness & Mutations

You have hooves in place of feet.
Armour fits poorly on your strangely shaped body.
You cover ground very quickly.
You have extremely tough skin. (AC +3)


Message History

The crimson imp barely misses you.
You riposte.
You slash the crimson imp! You kick the crimson imp.
The crimson imp is almost dead.
Okay, then.
You are feeling hungry.
The bat hits the fungus. x3
The bat hits the plant but does no damage.
The bat hits the fungus but does no damage. x2
The bat hits the plant but does no damage.
The bat hits the plant but does no damage. x2
The bat hits the fungus.
The bat hits the plant but does no damage.
The bat hits the fungus.
The bat hits the plant but does no damage. x2
The bat hits the plant but does no damage. x2
A rat comes into view.
Something hits the plant but does no damage. x2
You block the bat's attack.
The centaur wields a shortbow.
The centaur shoots an arrow.
The arrow hits you!
You die...

· ▒···Kc··▒··▒▒▒·▒······▒
▒·▒▒·▒▒▒▒··▒··▒ ▒·▒······▒
·▒·······▒▒†▒··▒ ▒·▒······▒
▒·P··P···c·K····▒ ▒·▒······▒
·····PP·····l····▒
▒·▒▒▒▒▒▒▒▒
▒▒···PPPPP·······▒ ▒·▒
·(P··PbPPPP······▒ ▒·▒
····PP·PPP·P5P···▒▒▒·▒▒▒▒··
····PP··P·PPP··b@†?·········
·PPPP·P·PPPPP···▒▒▒·▒▒▒▒▒▒·
PPP··PP·PP···········
··PP·PPP··P·P·▒▒▒·▒▒▒
PP>PPPPPP········
PrPPP·P·····▒▒·▒
P··P··P·····)··
PPP·PPP····▒▒·▒ ···PPP······
·


You could see a komodo dragon, Sonja, a centaur, a crimson imp and a bat.

Vanquished Creatures
  The ghost of Azzok the Markscentaur, a novice CeBe of Trog (D:8)
  A hill giant (D:10)
  Grinder (D:3)
  A two-headed ogre (D:8)
  A hippogriff (D:7)
  A spriggan (D:9)
  3 yaks (D:9)
  A wyvern (D:9)
  Menkaure (D:7)
  2 water moccasins (D:5)
  3 orc warriors
  An ice beast (D:5)
  The ghost of Azzok the Skirmisher, an amateur CeFi of Okawaru (D:4)
  2 sky beasts
  A black bear (D:6)
  3 ogres
  4 centaurs
  2 crocodiles (D:9)
  6 bullfrogs
  A big kobold (D:9)
  Blork the orc (D:9)
  2 scorpions
  14 wights
  7 howler monkeys
  2 vampire bats (D:6)
  3 crimson imps
  2 quasits
  A bullfrog zombie (D:10)
  2 centaur skeletons
  7 hounds
  3 jellies
  9 orc wizards
  An orc priest (D:8)
  Jessica (D:3)
  A bullfrog skeleton (D:5)
  Ijyb (D:3)
  4 iguanas
  7 worker ants
  A killer bee zombie (D:6)
  4 hound skeletons
  A worker ant zombie (D:8)
  Robin (D:5)
  A howler monkey skeleton (D:4)
  16 adders
  A river rat (D:11)
  2 shadow imps
  An adder skeleton (D:6)
  A worm (D:3)
  4 dart slugs
  9 leopard geckos
  17 orcs
  6 ball pythons
  10 bats
  13 giant cockroaches
  11 goblins
  9 hobgoblins
  7 jackals
  4 quokkas
  6 frilled lizards
  2 jackal skeletons
  A jackal zombie (D:3)
  8 kobolds
  A leopard gecko skeleton (D:5)
  A quokka skeleton (D:6)
  9 rats
252 creatures vanquished.

Notes
Turn   | Place    | Note
-------+----------+-------------------------------------------
     0 | D:1      | Azzok the Centaur Fighter began the quest for the Orb.
     0 | D:1      | Reached XP level 1. HP: 19/19 MP: 1/1
   245 | D:1      | Reached XP level 2. HP: 26/26 MP: 2/2
   910 | D:2      | Reached XP level 3. HP: 32/33 MP: 3/3
  1726 | D:3      | Noticed Jessica
  1744 | D:3      | Killed Jessica
  1744 | D:3      | Reached skill level 5 in Fighting
  1744 | D:3      | Reached XP level 4. HP: 42/42 MP: 4/4
  2013 | D:3      | Noticed Grinder
  2024 | D:3      | Paralysed by Grinder for 6 turns
  2035 | D:3      | Killed Grinder
  2035 | D:3      | Reached XP level 5. HP: 6/51 MP: 5/5
  2035 | D:3      | Reached XP level 6. HP: 7/58 MP: 6/6
  2392 | D:3      | Found an iron altar of Okawaru.
  2467 | D:3      | Became a worshipper of Warmaster Okawaru
  2493 | D:3      | Noticed Ijyb
  2507 | D:3      | Killed Ijyb
  3005 | D:4      | Found a burning altar of Makhleb.
  3072 | D:4      | Reached skill level 1 in Invocations
  3176 | D:4      | Noticed Azzok's ghost (amateur CeFi)
  3199 | D:4      | Killed Azzok's ghost
  3361 | D:4      | Found a shadowy altar of Dithmenos.
  3362 | D:4      | Found a bloodstained altar of Trog.
  3364 | D:4      | Found a deep blue altar of Sif Muna.
  3369 | D:4      | Found a sacrificial altar of Ru.
  3369 | D:4      | Found a blossoming altar of Fedhas.
  3407 | D:4      | Reached XP level 7. HP: 66/67 MP: 8/8
  3435 | D:4      | Reached * piety under Okawaru
  3857 | D:5      | Entered Level 5 of the Dungeon
  4251 | D:5      | Found a glowing drain.
  4297 | Sewer    | Entered a sewer
  5056 | D:5      | Noticed Robin
  5075 | D:5      | Killed Robin
  5096 | D:5      | Reached XP level 8. HP: 29/78 MP: 9/11
  5625 | D:6      | Found a staircase to the Ecumenical Temple.
  5826 | D:5      | Reached ** piety under Okawaru
  5926 | D:6      | Reached skill level 5 in Invocations
  6011 | D:6      | Reached skill level 10 in Fighting
  6308 | D:5      | HP: 4/80 [orc warrior/glaive (18)]
  6309 | D:5      | HP: 1/80 [iguana (4)]
  6599 | D:5      | Reached XP level 9. HP: 86/86 MP: 13/13
  6680 | D:6      | Reached skill level 1 in Bows
  6801 | D:6      | Found Qawy Von's Book Emporium.
  6954 | D:6      | Reached skill level 2 in Bows
  6977 | D:6      | Reached skill level 3 in Bows
  7341 | D:7      | Reached skill level 4 in Bows
  7440 | D:7      | Reached *** piety under Okawaru
  7455 | D:7      | Reached skill level 5 in Bows
  7501 | D:7      | Noticed Menkaure
  7506 | D:7      | Killed Menkaure
  7658 | D:7      | Reached skill level 6 in Bows
  8080 | D:8      | Reached skill level 7 in Bows
  8085 | D:8      | Noticed Azzok's ghost (novice CeBe)
  8104 | D:8      | Killed Azzok's ghost
  8104 | D:8      | Reached **** piety under Okawaru
  8104 | D:8      | Reached XP level 10. HP: 68/94 MP: 16/16
  8172 | D:8      | Found Wawiesum's Antique Armour Emporium.
  8187 | D:8      | Reached skill level 8 in Bows
  9116 | D:9      | Received a gift from Okawaru
  9220 | D:9      | Reached skill level 9 in Bows
  9234 | D:9      | Reached skill level 10 in Invocations
  9655 | D:9      | Noticed Blork the orc
  9770 | D:9      | Killed Blork the orc
  9774 | D:9      | Found a deep blue altar of Sif Muna.
  9877 | D:9      | Reached skill level 10 in Bows
  9962 | D:10     | Entered Level 10 of the Dungeon
 10027 | D:10     | Received a gift from Okawaru
 10063 | D:10     | Reached ***** piety under Okawaru
 10141 | D:10     | Found a staircase to the Orcish Mines.
 10218 | D:10     | Noticed a hill giant
 10232 | D:10     | Killed a hill giant
 10232 | D:10     | Reached skill level 11 in Bows
 10794 | D:11     | Reached skill level 12 in Bows
 10866 | D:11     | Found a staircase to the Lair.
 10915 | D:11     | Noticed Sonja
 10940 | D:11     | HP: 4/94 [komodo dragon (18)]
 10951 | D:11     | Shot with an arrow by a centaur

Skill      XL: |  1  2  3  4  5  6  7  8  9 10 |
---------------+-------------------------------+-----
Fighting       | 4 5 6 7 9 10 | 10.6
Invocations    | 2 4 6 9 10 | 10.0
Bows           | 7 12 | 12.1
Long Blades    | |  1.7
Armour         | |  2.1
Shields        | |  2.1

Action                   |  1- 3 |  4- 6 |  7- 9 | 10-12 || total
-------------------------+-------+-------+-------+-------++-------
Melee: Long sword        |   124 |   161 |   461 |       ||   746
       Kick              |    23 |    39 |   155 |    78 ||   295
       Falchion          |       |       |   181 |   299 ||   480
Invok: Heroism           |       |       |     4 |     3 ||     7
Evoke: Wand              |       |       |       |     3 ||     3
  Use: Potion            |       |     1 |       |       ||     1
       Scroll            |       |       |       |     4 ||     4
  Eat: Chunk             |     2 |     5 |    14 |     8 ||    29
Armor: Scale mail        |    40 |       |       |       ||    40
       Chain mail        |    19 |    97 |   508 |   171 ||   795
Dodge: Dodged            |    17 |    24 |   109 |    47 ||   197
Block: Shield            |    63 |    65 |   333 |   124 ||   585
       Rpst.: Long sword |     4 |     2 |    25 |       ||    31
       Falchion          |       |       |     6 |    11 ||    17
